 Dungeon Crawl Stone Soup version 0.17.0-28-g6e173f8 (webtiles) character file.

11209 dvd the Unseen (level 11, 0/54 HPs)
             Began as a Spriggan Artificer on Nov 26, 2015.
             Was an Elder of Nemelex Xobeh.
             Killed by static electricity
             ... invoked by an insubstantial wisp
             ... summoned by the player character
              (3 damage)
             ... in an ice cave.
             The game lasted 00:55:34 (10702 turns).

dvd the Unseen (Spriggan Artificer)                Turns: 10702, Time: 00:55:41

Health: 0/54       AC:  9    Str:  7    XL:     11   Next: 46%
Magic:  19/19      EV: 30    Int: 14    God:    Nemelex Xobeh [****..]
Gold:   911        SH:  0    Dex: 20    Spells: 0 memorised, 10 levels left

rFire  . . .     SeeInvis +     l - +3 short sword (distort)
rCold  + . .     Clarity  .     b - +0 robe
rNeg   . . .     SustAt   .     (shield restricted)
rPois  +         Gourm    .     (helmet restricted)
rElec  .         Spirit   .     e - +2 cloak {rPois}
rCorr  .         Warding  .     (gloves unavailable)
rMut   .         Stasis   .     (boots unavailable)
MR     +....                    (no amulet)
Stlth  +++++++++.               o - ring of stealth
                                r - ring of protection from cold

@: stone skin, very quick, somewhat resistant to hostile enchantments,
incredibly stealthy
A: unfitting armour, see invisible, herbivore 3, speed 3, slow metabolism 2
a: Triple Draw, Deal Four, Renounce Religion


You were in an ice cave.
You worshipped Nemelex Xobeh.
Nemelex Xobeh was greatly pleased with you.
You were not hungry.

You visited 3 branches of the dungeon, and saw 13 of its levels.
You also visited: Sewer and Ice Cave.

You collected 911 gold pieces.

Inventory:

Hand Weapons
 l - a +3 short sword of distortion (weapon)
 m - a +2 dagger of holy wrath
 x - the +8 dagger of the Demagogue {freeze, rElec rN+, unknown}
   (You found it on level 4 of the Dungeon)

   It has been specially enchanted to freeze those struck by it, causing extra
   injury to most foes and up to half again as much damage against particularly
   susceptible opponents.
   It can also slow down cold-blooded creatures.
   It insulates you from electricity.
   It protects you from negative energy.
Missiles
 j - 4 tomahawks (quivered)
Armour
 b - a +0 robe (worn)
 e - a +2 cloak of poison resistance (worn)
 k - a +1 cloak
Jewellery
 o - a ring of stealth (right hand)
 q - a +4 ring of intelligence
 r - a ring of protection from cold (left hand)
 s - an uncursed ring of flight
 G - an uncursed ring of wizardry
Wands
 d - a wand of enslavement (1)
 u - a wand of flame (11)
 y - a wand of digging (7)
 z - a wand of magic darts (23)
 C - a wand of confusion (25)
 D - a wand of polymorph (11)
 F - a wand of flame (24)
 I - a wand of lightning (11)
 M - a wand of flame (20)
Scrolls
 a - 3 scrolls of blinking
 i - 3 scrolls of remove curse
 w - a scroll of teleportation
 B - a scroll of identify
 H - a scroll of fog
Potions
 c - 5 potions of curing
 g - 2 potions of cure mutation
 h - a potion of magic
 p - 3 potions of agility
 J - a potion of resistance
 L - a potion of haste
Books
 A - a Grand Grimoire

   Spells                             Type                      Level
   a - Monstrous Menagerie            Summoning                    6
   b - Summon Greater Demon           Summoning                    7
   c - Malign Gateway                 Summoning/Translocation      7
   d - Summon Horrible Things         Summoning                    8
 E - a book of Callings

   Spells                             Type                      Level
   a - Summon Small Mammal            Summoning                    1
   b - Call Imp                       Summoning                    2
   c - Call Canine Familiar           Summoning                    3
   d - Summon Guardian Golem          Hexes/Summoning              3
   e - Summon Lightning Spire         Summoning/Air                4
   f - Summon Ice Beast               Ice/Summoning                4
Miscellaneous
 K - a plain deck of war
Comestibles
 f - 8 bread rations
 n - 31 fruits
 t - 3 slices of pizza


   Skills:
 + Level 4.5 Fighting
 + Level 7.9 Short Blades
 + Level 12.0 Dodging
 + Level 16.5 Stealth
 + Level 10.2 Evocations


You had 10 spell levels left.
You didn't know any spells.

Dungeon Overview and Level Annotations

Branches:
Dungeon (11/15)            Temple (1/1) D:7            Lair (1/8) D:9
    Orc (0/4) D:9

Altars:
Ashenzari
Cheibriados
Dithmenos
Elyvilon
Fedhas
Gozag
Kikubaaqudgha
Makhleb
Nemelex Xobeh
Okawaru
Qazlal
Ru
Sif Muna
Trog
Vehumet
Xom
Yredelemnul
Zin
The Shining One

Shops:
D:9 (

Annotations:
D:11 Nicoed's ghost, journeyman DrTm
Lair:1 bollicks1999's ghost, novice HOFi


Innate Abilities, Weirdness & Mutations

You are tiny and cannot use many weapons and most armour.
You have supernaturally acute eyesight.
You are a herbivore.
You cover ground extremely quickly.
You need consume almost no food.


Message History

Your hell hound closely misses the polar bear.
You hit the polar bear but do no damage.
Space warps horribly around the polar bear!
The polar bear is almost dead.
The polar bear completely misses you. x3
Your insubstantial wisp thrums sharply.
You are struck by lightning.
* * * LOW HITPOINT WARNING * * *
The lightning arcs!
Your hell hound is struck by lightning.
The lightning arcs!
You are struck by lightning.
* * * LOW HITPOINT WARNING * * *
The lightning arcs!
The polar bear is struck by lightning.
The polar bear dies!
Your Dodging skill increases to level 12!
The lightning arcs!
Your hell hound is struck by lightning.
Your hell hound dies!
Your hell hound's corpse disappears in a puff of smoke!
The lightning arcs!
You are struck by lightning.
You die...
Your body glows with a rainbow of weird colours and disappears.

##...
#...#
#v..##
#...#
##...##
##.....##
#...∩†§.#
#...§†4.#
##..v@v##
##...##
#####


You could see a friendly hellwing and 3 friendly insubstantial wisps.

Vanquished Creatures
  Sonja (D:10)
  A hill giant (D:10)
  Joseph (D:8)
  A komodo dragon (Lair:1)
  Grinder (D:6)
  Sigmund (D:6)
  7 yaks
  3 hippogriffs
  Eustachio (D:5)
  4 hungry ghosts
  Edmund (D:4)
  A wolf (IceCv)
  2 porcupines
  2 orc warriors (D:9)
  Duvessa (D:6)
  3 sky beasts
  2 black bears (D:10)
  10 ice beasts
  2 phantoms
  4 ogres
  3 centaurs
  A necrophage (D:7)
  A crocodile (D:9)
  A big kobold (D:10)
  Blork the orc (D:4)
  10 giant frogs
  Dowan (D:6)
  A wyvern skeleton (D:6)
  3 scorpions
  2 electric eels (D:10)
  4 wights (D:7)
  2 killer bees (Lair:1)
  A centaur zombie (D:8)
  3 crimson imps
  A jelly (D:6)
  A giant frog zombie (D:10)
  2 orc wizards
  A quasit (D:7)
  5 hounds
  4 iguanas
  4 orc priests
  2 giant frog skeletons
  6 worker ants
  A hound skeleton (D:4)
  3 gnolls (D:5)
  7 adders
  9 river rats (Lair:1)
  A shadow imp (D:5)
  8 oozes
  3 adder skeletons
  An adder zombie (D:7)
  3 worms
  10 giant geckos
  22 orcs
  16 giant cockroaches
  5 goblins
  8 hobgoblins
  15 jackals
  8 kobolds
  3 quokkas
  10 ball pythons (Sewer)
  2 bats (D:1)
  15 giant newts
  A quokka skeleton (D:5)
  7 rats
  A spectral orc (D:7)
  A fungus (D:9)
  3 plants (D:10)
272 creatures vanquished.

Vanquished Creatures (collateral kills)
  An ugly thing (D:9)
  A gargoyle (D:10)
  A spiny frog (Lair:1)
  A komodo dragon (Lair:1)
  A polar bear (IceCv)
  A yak (IceCv)
  Grum (Lair:1)
  4 wolves (Lair:1)
  A sky beast (D:9)
  2 orc warriors (D:8)
  A giant frog (Lair:1)
  A wight (D:7)
  2 killer bees (Lair:1)
  4 orc wizards
  An iguana (Lair:1)
  An adder (D:7)
  6 river rats (Lair:1)
  5 orcs
  A hobgoblin (D:1)
  A jackal (D:1)
  A fungus (Lair:1)
38 creatures vanquished.

Vanquished Creatures (others)
  A yak (D:10)
  A wolf (IceCv)
  A sky beast (D:6)
  A scorpion (D:10)
  An iguana (D:4)
  A worker ant (D:5)
  An orc priest (D:8)
  2 adders
  An ooze (Sewer)
  A worm (D:2)
  An orc (D:3)
  A jackal (D:1)
  2 plants (D:10)
15 creatures vanquished.

Grand Total: 325 creatures vanquished

Notes
Turn   | Place    | Note
--------------------------------------------------------------
     0 | D:1      | dvd the Spriggan Artificer began the quest for the Orb.
     0 | D:1      | Reached XP level 1. HP: 9/9 MP: 4/4
   190 | D:1      | Reached XP level 2. HP: 12/14 MP: 6/6
   788 | D:1      | Reached skill level 5 in Evocations
  1121 | D:2      | Reached XP level 3. HP: 17/17 MP: 7/7
  1368 | D:2      | Found a glowing silver altar of Zin.
  1845 | D:3      | Reached XP level 4. HP: 21/21 MP: 8/8
  1887 | D:3      | Reached skill level 1 in Fighting
  1953 | D:3      | Reached skill level 5 in Dodging
  2187 | D:3      | Reached XP level 5. HP: 25/25 MP: 9/9
  2679 | D:3      | Found a sacrificial altar of Ru.
  2848 | D:4      | Found a glowing golden altar of the Shining One.
  3204 | D:4      | Noticed Edmund
  3214 | D:4      | Killed Edmund
  3214 | D:4      | Reached skill level 6 in Dodging
  3214 | D:4      | Reached skill level 5 in Stealth
  3214 | D:4      | Reached XP level 6. HP: 30/30 MP: 11/11
  3258 | D:4      | Found a sparkling altar of Nemelex Xobeh.
  3274 | D:4      | Became a worshipper of Nemelex Xobeh the Trickster
  3282 | D:4      | Received a gift from Nemelex Xobeh
  3429 | D:4      | Found an ancient bone altar of Kikubaaqudgha.
  3433 | D:4      | Got a jewelled dagger
  3434 | D:4      | Noticed Blork the orc
  3438 | D:4      | Killed Blork the orc
  3442 | D:4      | Reached XP level 7. HP: 34/34 MP: 12/12
  3805 | D:5      | Entered Level 5 of the Dungeon
  3852 | D:5      | Reached skill level 7 in Dodging
  4229 | D:5      | Reached XP level 8. HP: 39/39 MP: 13/13
  4268 | D:5      | Noticed Eustachio
  4290 | D:5      | Killed Eustachio
  4290 | D:5      | Reached skill level 8 in Stealth
  4589 | D:6      | Reached skill level 9 in Stealth
  4593 | D:6      | Reached * piety under Nemelex Xobeh
  4793 | D:6      | Noticed Grinder
  4800 | D:6      | Killed Grinder
  4876 | D:6      | Noticed Sigmund
  4913 | D:6      | Killed Sigmund
  4913 | D:6      | Reached skill level 5 in Short Blades
  4941 | D:6      | Found a glowing drain.
  4958 | Sewer    | Entered a sewer
  5151 | Sewer    | Reached XP level 9. HP: 44/44 MP: 15/15
  5254 | Sewer    | Reached skill level 10 in Stealth
  5368 | D:6      | Noticed Duvessa
  5368 | D:6      | Noticed Dowan
  5370 | D:6      | Killed Duvessa
  5375 | D:6      | Killed Dowan
  5722 | D:7      | Reached skill level 11 in Stealth
  5728 | D:7      | Found a staircase to the Ecumenical Temple.
  5729 | D:7      | Reached ** piety under Nemelex Xobeh
  5746 | Temple   | Entered the Ecumenical Temple
  6638 | D:7      | Reached skill level 10 in Dodging
  6666 | D:7      | Received a gift from Nemelex Xobeh
  6679 | D:7      | Reached skill level 12 in Stealth
  6857 | D:7      | Found a basalt altar of Yredelemnul.
  7298 | D:8      | Reached *** piety under Nemelex Xobeh
  7310 | D:8      | Noticed Joseph
  7332 | D:8      | Killed Joseph
  7332 | D:8      | Reached XP level 10. HP: 44/49 MP: 17/17
  7454 | D:8      | Reached skill level 13 in Stealth
  7799 | D:9      | Found Elaub's Antique Weapon Shoppe.
  7800 | D:9      | Noticed a red ugly thing
  7846 | D:9      | Received a gift from Nemelex Xobeh
  8029 | D:9      | Found a staircase to the Orcish Mines.
  8041 | D:9      | Killed a red ugly thing
  8197 | D:9      | Found a staircase to the Lair.
  8301 | D:9      | Found a bloodstained altar of Trog.
  8407 | D:10     | Entered Level 10 of the Dungeon
  8412 | D:10     | Reached skill level 14 in Stealth
  8489 | D:10     | Noticed a hill giant
  8516 | D:10     | Received a gift from Nemelex Xobeh
  8545 | D:10     | Noticed a brown ugly thing
  8696 | D:10     | Killed a hill giant
  8696 | D:10     | Reached skill level 15 in Stealth
  9087 | D:10     | Noticed Sonja
  9091 | D:10     | Killed Sonja
  9091 | D:10     | Reached XP level 11. HP: 38/53 MP: 19/19
  9260 | D:10     | Reached **** piety under Nemelex Xobeh
  9372 | D:10     | Noticed Maurice
  9375 | D:10     | Noticed Maurice
  9375 | D:10     | Maurice changed into Maurice the porcupine
  9381 | D:10     | Killed Maurice the porcupine
  9745 | D:10     | Received a gift from Nemelex Xobeh
  9934 | D:11     | Noticed Nicoed's ghost (journeyman DrTm)
 10186 | Lair:1   | Entered Level 1 of the Lair of Beasts
 10203 | Lair:1   | Reached skill level 16 in Stealth
 10288 | Lair:1   | Noticed Grum
 10303 | Lair:1   | Killed Grum
 10355 | Lair:1   | Received a gift from Nemelex Xobeh
 10383 | Lair:1   | Reached skill level 10 in Evocations
 10437 | Lair:1   | Noticed bollicks1999's ghost (novice HOFi)
 10647 | Lair:1   | Found a frozen archway.
 10676 | IceCv    | Entered an ice cave
 10702 | IceCv    | Killed from afar by an insubstantial wisp

Action                   |  1- 3 |  4- 6 |  7- 9 | 10-12 || total
-------------------------+-------+-------+-------+-------++-------
Melee: Short sword       |   102 |    94 |   277 |   253 ||   726
Evoke: Wand              |    18 |       |    44 |    36 ||    98
       Deck              |       |     2 |     5 |    30 ||    37
  Use: Scroll            |     2 |     3 |     6 |     9 ||    20
       Potion            |       |     8 |       |     6 ||    14
 Stab: Sleeping          |     7 |     7 |    40 |    30 ||    84
       Distracted        |       |     2 |     3 |     1 ||     6
       Confused          |       |       |     4 |    13 ||    17
       Invisible         |       |       |       |     1 ||     1
  Eat: Pizza             |       |       |     3 |     1 ||     4
       Royal jelly       |       |       |       |     1 ||     1
